 Dungeon Crawl Stone Soup version 0.28-a0-503-g83f2989fac (webtiles) character file.

Game seed: 110699738692933384

51 bmj180 the Skirmisher (level 3, -8/34 HPs)
             Began as a Hill Orc Fighter on Sept 20, 2021.
             Mangled by a worm (9 damage)
             ... on level 2 of the Dungeon.
             The game lasted 00:01:28 (966 turns).

bmj180 the Skirmisher (Hill Orc Fighter)             Turns: 966, Time: 00:01:28

Health: -8/34      AC:  6    Str: 18    XL:     3   Next: 81%
Magic:  3/3        EV:  9    Int: 14    God:
Gold:   78         SH:  4    Dex: 11    Spells: 2/2 levels left

rFire   . . .      SeeInvis .   a - +0 war axe
rCold   . . .      Faith    .   c - +0 buckler
rNeg    . . .      Spirit   .   b - +0 scale mail
rPois   .          Reflect  .   (no helmet)
rElec   .          Harm     .   (no cloak)
rCorr   .          Rampage  .   (no gloves)
Will    .....                   (no boots)
Stlth   ..........              (no amulet)
HPRegen 0.11/turn               f - +6 ring of intelligence
MPRegen 0.08/turn               (no ring)

@: mighty
A: no striking features
a: no special abilities


You were on level 2 of the Dungeon.
You visited 1 branch of the dungeon, and saw 2 of its levels.

You collected 78 gold pieces.

Inventory:

Hand Weapons
 a - a +0 war axe (weapon)
 e - a +0 whip of venom
Armour
 b - a +0 scale mail (worn)
 c - a +0 buckler (worn)
Jewellery
 f - a +6 ring of intelligence (left hand)
Scrolls
 g - a scroll of vulnerability {unknown}
 h - 2 scrolls of identify {unknown}
 i - 2 scrolls of teleportation {unknown}
 j - a scroll of holy word {unknown}
 k - a scroll of fog {unknown}


   Skills:
 * Level 4.3 Fighting
 * Level 3.7 Axes
 + Level 3.5 Armour
 * Level 0.7 Dodging
 + Level 3.4 Shields


You had 2 spell levels left.
You didn't know any spells.
Your spell library was empty.

Dungeon Overview and Level Annotations

Branches:
Dungeon (2/15)

Altars:

Shops:
D:2 (


Message History

You feel very mighty all of a sudden.
You feel sick. The adder bites you but does no damage.
You miss the adder.
* * * LOW HITPOINT WARNING * * *
You feel sick.
You are no longer poisoned.
The adder bites you but does no damage. The adder closely misses you.
Unknown command.
You closely miss the adder. The adder bites you but does no damage.
You block the adder's attack.
Unknown command.
You hit the adder.
The adder is moderately wounded.
The adder barely misses you.
Unknown command.
Your scale mail prevents you from hitting the adder.
The adder is moderately wounded.
You block the adder's attack. The adder bites you.
* * * LOW HITPOINT WARNING * * *
Unknown command.
You closely miss the adder.
The adder is moderately wounded.
The adder bites you but does no damage. The adder barely misses you.
Unknown command.
You closely miss the adder.
The adder is moderately wounded.
The adder bites you but does no damage. x2
Unknown command.
You hit the adder.
The adder is severely wounded.
You block the adder's attack.
Unknown command.
You slash the adder!
You kill the adder!
Unknown command.
You slash the quokka!
You kill the quokka!
Unknown command.
The worm bites you!
You die...

######## ## #.......
.########### ##.#.####
..........# #...#....
.S....##.# #..#.####
#.. .....# #..### #..
#.#..# #..## ###
#.#.8##.#..##### #...#
#.. #..........w@..#
##†.###.#
###.<##.#..###.#
#....... #..
#.#..###.#######..###..
..r∩
#.#...............###..
.....
..##.###.#######..##...
#.####8
####.###....####..##..#
# #.
#..................# ##
########...#.#.##.##
######..##..#.##.#


You could see a worm.

Vanquished Creatures
  3 adders (D:2)
  A ball python (D:1)
  5 bats
  4 endoplasms (D:1)
  A giant cockroach (D:2)
  A hobgoblin (D:1)
  A kobold (D:2)
  2 quokkas
  A frilled lizard (D:1)
  3 goblins (D:1)
22 creatures vanquished.

Notes
Turn   | Place    | Note
-------+----------+-------------------------------------------
     0 | D:1      | bmj180 the Hill Orc Fighter began the quest for the Orb.
     0 | D:1      | Reached XP level 1. HP: 19/19 MP: 1/1
    74 | D:1      | Found a faded altar of an unknown god.
   127 | D:1      | Reached XP level 2. HP: 27/27 MP: 2/2
   275 | D:1      | Reached skill level 4 in Fighting
   728 | D:2      | Reached XP level 3. HP: 13/33 MP: 3/3
   938 | D:2      | Found Ymuefuah's Weapon Boutique.
   960 | D:2      | HP: 1/33 [adder (2)]
   966 | D:2      | Mangled by a worm

Illustrated notes

Levels and vault maps discovered:
D:1:      dpeg_arrival_lava_altar, layout_loops_ring, basic_ecumenical_altar
D:2:      layout_loops_ring, serial_shops, shop_statue

Skill      XL: |  1  2 |
---------------+-------+-----
Fighting       | 4 |  4.3
Axes           | 3 |  3.7
Armour         | |  3.5
Dodging        | |  0.7
Shields        | |  3.4

Action                   || total
-------------------------++-------
Melee: War axe           ||    65
  Use: Potion            ||     1
Armor: Scale mail        ||    46
Dodge: Dodged            ||    42
Block: Buckler           ||    13

Table legend: (Time is in decaauts)
 A = Elapsed time spent in this place.
 B = Non-inter-level travel time spent in this place.
 C = Inter-level travel time spent in this place.
 D = Time resting spent in this place.
 E = Time spent auto-exploring this place.
 F = Levels seen in this place.
 G = Mean time per level.
                   A        B        C        D        E       F      G
               +--------+--------+--------+--------+--------+-----+--------+
         Total |    989 |    979 |     10 |      0 |    748 |   2 |  494.5 |
       Dungeon |    989 |    979 |     10 |      0 |    748 |   2 |  494.5 |
               +--------+--------+--------+--------+--------+-----+--------+

Top non-repeatable levels by time:
     D:1: 629 daAuts
     D:2: 359 daAuts
